 Dungeon Crawl Stone Soup version 0.31-a0-1227-g0136665373 (webtiles) character file.

Game seed: 15346364855207557261

1494 MisterAzrael the Carver (level 8, -8/66 HPs)
             Began as a Minotaur Fighter on Nov 2, 2023.
             Killed by divine providence
             ... invoked by an orc priest
              (14 damage)
             ... on level 6 of the Dungeon on Dec 15, 2023.
             The game lasted 00:08:12 (4553 turns).

MisterAzrael the Carver (Minotaur Fighter)          Turns: 4553, Time: 00:08:13

Health: -8/66      AC: 18    Str: 30    XL:     8   Next: 51%
Magic:  7/7        EV:  5    Int:  5    God:
Gold:   245        SH:  0    Dex:  9    Spells: 7/7 levels left

rFire   . . .        a - +0 long sword
rCold   . . .        x - +0 tower shield
rNeg    . . .        G - +0 plate armour
rPois   .            (helmet restricted)
rElec   .            (no cloak)
rCorr   .            D - +2 pair of gloves
SInv    .            (no boots)
Will    .....        (no amulet) Stlth
                     k - +6 ring of strength
HPRegen 0.31/turn    s - +4 ring of protection
MPRegen 0.10/turn

%: no passive effects
@: confused
A: horns 2, retaliatory headbutt
a: no special abilities


You were on level 6 of the Dungeon.
You visited 1 branch of the dungeon, and saw 6 of its levels.

You collected 245 gold pieces.

Inventory:

Hand Weapons
 a - a +0 long sword (weapon)
Missiles
 g - 5 atropa-tipped darts
 i - 5 boomerangs (quivered)
 l - 6 poisoned darts
Armour
 b - a +0 scale mail
 c - a +0 buckler
 x - a +0 tower shield (worn)
 B - the +3 leather armour "Mustreid" {rF++ Will- Str+2 Stlth+}
   (You found it on level 4 of the Dungeon)

   Str+2:     It affects your strength (+2).
   rF++:      It greatly protects you from fire.
   Will-:     It decreases your willpower.
   Stlth+:    It makes you more stealthy.
 D - a +2 pair of gloves (worn)
 G - a +0 plate armour (worn)
Jewellery
 k - a +6 ring of strength (left hand)
 r - a ring of magical power
 s - a +4 ring of protection (right hand)
Talismans
 A - a blade talisman
Wands
 n - a wand of polymorph (5)
 E - a wand of paralysis (4)
Scrolls
 j - 2 scrolls of identify
 y - a scroll of blinking {unknown}
 H - 2 scrolls of teleportation
 I - a scroll of enchant weapon {unknown}
Potions
 d - 2 potions of might
 e - 2 potions of curing {unknown}
 f - 2 potions of haste
 h - 2 potions of lignification
 o - a potion of resistance {unknown}
 p - 2 potions of cancellation {unknown}
 q - a potion of degeneration {unknown}
 t - 2 potions of enlightenment {unknown}
 z - a potion of heal wounds {unknown}
 C - a potion of magic {unknown}
 F - a potion of attraction {unknown}


   Skills:
 - Level 3.7 Fighting
 + Level 9.4 Long Blades
 + Level 7.2 Throwing
 - Level 3.7 Armour
 - Level 3.7 Shields


You had 7 spell levels left.
You didn't know any spells.
Your spell library contained the following spells:

 Spells                   Type           Power      Damage    Failure   Level
 Ensorcelled Hibernation  Hex/Ice        0%         N/A       100%        2
 Jinxbite                 Hex            0%         N/A       100%        2
 Passwall                 Tmut/Erth      0%         N/A       100%        2
 Sublimation of Blood     Necr           0%         N/A       100%        2
 Dazzling Flash           Conj/Hex       0%         N/A       100%        3
 Swiftness                Air            0%         N/A       100%        3
 Anguish                  Hex/Necr       0%         N/A       100%        4
 Petrify                  Tmut/Erth      0%         N/A       100%        4
 Agony                    Necr           0%         N/A       100%        5
 Irradiate                Conj/Tmut      0%         3d11      100%        5
 Silence                  Hex/Air        0%         N/A       100%        5


Dungeon Overview and Level Annotations

Branches:
Dungeon (6/15)
 Temple: D:4-7

Altars:
Ru

Annotations:
D:5 4 runed translucent doors, Crazy Yiuf; Daunt's ghost, amateur DrHs


Innate Abilities, Weirdness & Mutations

You have a pair of horns on your head.
You reflexively headbutt those who attack you in melee.


Message History

The magic dart hits you but does no damage.
The orc priest hits you with a +0 flail.
You closely miss the orc priest.
You headbutt the orc priest, but do no damage.
The orc priest is moderately wounded.
Something hits you but does no damage.
The orc priest looks satisfied for a moment.
You hit the orc priest. You headbutt the orc priest.
The orc priest is almost dead.
Something hits you but does no damage.
The orc priest hits you but does no damage.
Something hits you but does no damage. Something hits you but does no damage.
The orc priest calls down the wrath of Beogh upon you.
Beogh smites you!
There is an open door here.
The orc priest mumbles some strange prayers to Beogh against you.
Pain shoots through your body!
* * * LOW HITPOINT WARNING * * *
A puff of flame appears from out of thin air!
The puff of flame hits you.
* * * LOW HITPOINT WARNING * * *
There is a stone staircase leading up here.
The orc priest invokes the aid of Beogh against you.
You miss something.
You hear some strange, mumbled words.
You are confused.
You hear some strange, mumbled words.
A magic dart appears from out of thin air!
The magic dart hits you!
* * * LOW HITPOINT WARNING * * *
You barely miss something. Something hits you but does no damage.
You're too confused to move!
Something hits you.
* * * LOW HITPOINT WARNING * * *
You hit something.
Reactivating autopickup.
You feel a bit more experienced.
The orc priest mumbles some strange prayers to Beogh against you.
Beogh smites you!
You die...

#...)...#
#....)..####
#######........:.#
#.....)..........#
#.....)).........#
#.....)###'#######
#...... #o#
#...... #<#
#...... #@#
....... #.#
#...... #.#
#...... #.. #..#
#..# #..# #...
#..#


You could see an orc priest.

Vanquished Creatures
  Sigmund (D:4)
  Menkaure (D:4)
  A water moccasin (D:5)
  A black bear (D:5)
  A sky beast (D:5)
  3 phantoms
  A bullfrog (D:5)
  3 scorpions (D:5)
  2 hounds
  A jelly (D:4)
  3 orc priests
  A sleepcap (D:4)
  4 iguanas (D:5)
  2 orc wizards
  6 adders
  A shadow imp (D:5)
  2 ufetubi (D:5)
  2 worms
  2 dart slugs (D:1)
  10 orcs
  7 ball pythons
  6 endoplasms
  2 giant cockroaches
  5 goblins
  8 hobgoblins
  4 jackals (D:1)
  6 kobolds
  2 quokkas
  6 bats
  3 frilled lizards
  2 rats (D:2)
99 creatures vanquished.

Notes
Turn   | Place    | Note
-------+----------+-------------------------------------------
     0 | D:1      | MisterAzrael the Minotaur Fighter began the quest for the
                  | Orb.
     0 | D:1      | Reached XP level 1. HP: 19/19 MP: 0/0
   239 | D:1      | Reached skill level 3 in Long Blades
   247 | D:1      | Reached XP level 2. HP: 27/27 MP: 1/1
  1041 | D:2      | Reached skill level 1 in Throwing
  1065 | D:2      | Reached XP level 3. HP: 31/33 MP: 2/2
  1444 | D:3      | Reached skill level 4 in Long Blades
  1581 | D:3      | Reached XP level 4. HP: 13/40 MP: 3/3
  2253 | D:3      | Reached skill level 5 in Long Blades
  2253 | D:3      | Reached XP level 5. HP: 44/46 MP: 4/4
  2328 | D:4      | Upgraded the game from 0.31-a0-981-geadf994542 to
                  | 0.31-a0-1206-g41278d8d1d
  2383 | D:4      | Noticed Sigmund
  2394 | D:4      | Killed Sigmund
  2395 | D:4      | Reached skill level 6 in Long Blades
  2395 | D:4      | Reached XP level 6. HP: 37/52 MP: 5/5
  2488 | D:4      | Noticed Menkaure
  2493 | D:4      | Killed Menkaure
  2572 | D:4      | Reached XP level 7. HP: 41/58 MP: 6/6
  2576 | D:4      | Reached skill level 7 in Long Blades
  2706 | D:4      | Upgraded the game from 0.31-a0-1206-g41278d8d1d to
                  | 0.31-a0-1227-g0136665373
  2840 | D:4      | Identified the +3 leather armour "Mustreid" {rF++ Will-
                  | Str+2 Stlth+}
  2890 | D:4      | Reached skill level 5 in Throwing
  3352 | D:5      | Entered Level 5 of the Dungeon
  3352 | D:5      | Found a runed translucent gate.
  3352 | D:5      | Found a runed translucent gate.
  3534 | D:5      | Reached skill level 8 in Long Blades
  3569 | D:5      | Reached XP level 8. HP: 54/66 MP: 7/7
  3810 | D:5      | Found a sacrificial altar of Ru.
  3825 | D:5      | Reached skill level 9 in Long Blades
  3950 | D:5      | Found a runed translucent gate.
  3950 | D:5      | Noticed Daunt's ghost (amateur DrHs)
  4416 | D:5      | Found a runed translucent door.
  4417 | D:5      | Noticed Crazy Yiuf
  4553 | D:6      | Killed from afar by an orc priest

Illustrated notes

Levels and vault maps discovered:
D:1:      zelgadis_glass_arrival_small, layout_basic
D:2:      layout_rooms
D:3:      wander_river, layout_loops_ring
D:4:      layout_cave_pods, uniq_sigmund, uniq_menkaure
D:5:      layout_rooms, nicolae_ru_awakened_eye, gammafunk_ghost_nasty_kobolds,
          uniq_crazy_yiuf_cottage
D:6:      layout_basic, minmay_temple_entry_grid, serial_shops,
          nicolae_shop_statue_plus, uniq_blork_the_orc

Skill      XL: |  1  2  3  4  5  6  7  8 |
---------------+-------------------------+-----
Long Blades    | 3 4 5 6 8 9 |  9.4
Throwing       | 1 2 4 6 7 |  7.2
Fighting       | |  3.7
Armour         | |  3.7
Shields        | |  3.7

Action                     |  1- 3 |  4- 6 |  7- 9 || total
---------------------------+-------+-------+-------++-------
  Melee: Long sword        |    96 |    94 |   171 ||   361
         Headbutt          |     8 |    11 |    31 ||    50
    Use: Potion            |     2 |     1 |       ||     3
         Scroll            |       |       |     5 ||     5
   Stab: Sleeping          |       |       |     1 ||     1
 Armour: Scale mail        |    68 |    44 |     7 ||   119
         Skin              |     8 |    50 |       ||    58
         Leather armour    |       |       |    34 ||    34
         Plate armour      |       |       |    86 ||    86
  Dodge: Dodged            |    49 |    24 |    44 ||   117
  Block: Buckler           |    18 |     3 |       ||    21
         Tower shield      |       |    31 |   100 ||   131

Table legend: (Time is in decaauts)
 A = Elapsed time spent in this place.
 B = Non-inter-level travel time spent in this place.
 C = Inter-level travel time spent in this place.
 D = Time resting spent in this place.
 E = Time spent auto-exploring this place.
 F = Levels seen in this place.
 G = Mean time per level.
                   A        B        C        D        E       F      G
               +--------+--------+--------+--------+--------+-----+--------+
         Total |   4638 |   4447 |    191 |    942 |   2614 |   6 |  773.0 |
       Dungeon |   4638 |   4447 |    191 |    942 |   2614 |   6 |  773.0 |
               +--------+--------+--------+--------+--------+-----+--------+

Top non-repeatable levels by time:
     D:5: 1181 daAuts
     D:4: 1049 daAuts
     D:1: 985 daAuts
     D:3: 931 daAuts
     D:2: 446 daAuts
     D:6: 44 daAuts
